 Dungeon Crawl Stone Soup version 0.28.0-45-g0d030f2227 (webtiles) character file.

Game seed: 3973002995906202409

63 101zpm the Chiller (level 3, -1/26 HPs)
             Began as a Draconian Ice Elementalist on Apr 19, 2022.
             Slain by an orc
             ... wielding a +0 trident
              (6 damage)
             ... on level 4 of the Dungeon.
             The game lasted 00:06:32 (2549 turns).

101zpm the Chiller (Draconian Ice Elementalist)     Turns: 2549, Time: 00:06:34

Health: -1/26      AC:  6    Str: 10    XL:     3   Next: 87%
Magic:  3/7        EV: 12    Int: 17    God:
Gold:   94         SH:  0    Dex: 11    Spells: 6/7 levels left

rFire   . . .      SeeInvis .   (no weapon)
rCold   . . .      Faith    .   (no shield)
rNeg    . . .      Spirit   .   (armour unavailable)
rPois   .          Reflect  .   (helmet restricted)
rElec   .          Harm     .   (no cloak)
rCorr   .          Rampage  .   g - +0 pair of gloves
Will    .....                   (no boots)
Stlth   ++........              (no amulet)
HPRegen 0.08/turn               (no ring)
MPRegen 0.10/turn               (no ring)

@: no status effects
A: AC +5, unfitting armour, cold-blooded
a: no special abilities


You were on level 4 of the Dungeon.
You visited 1 branch of the dungeon, and saw 4 of its levels.

You collected 94 gold pieces.

Inventory:

Armour
 d - an orb of guile
 g - a +0 pair of gloves (worn)
Jewellery
 a - a ring of ice
Scrolls
 c - 2 scrolls of teleportation {unknown}
Potions
 b - a potion of resistance {unknown}
 e - a potion of flight {unknown}
 f - a potion of might {unknown}
 h - a potion of degeneration {unknown}


   Skills:
 + Level 2.2 Dodging
 + Level 1.9 Stealth
 + Level 0.2 Unarmed Combat
 + Level 2.7 Spellcasting
 + Level 4.8 Ice Magic


You had 6 spell levels left.
You knew the following spells:

 Your Spells              Type           Power      Damage    Failure   Level
a - Freeze                Ice            72%        1d9       2%          1

Your spell library contained the following spells:

 Spells                   Type           Power      Damage    Failure   Level
 Frozen Ramparts          Ice            36%        1d5       8%          3
 Ozocubu's Armour         Ice            18%        N/A       8%          3
 Magic Dart               Conj           8%         1d3       19%         1
 Call Imp                 Summ           2%         N/A       26%         2
 Mephitic Cloud           Conj/Pois/Air  2%         N/A       47%         3
 Hailstorm                Conj/Ice       10%        3d5       54%         4


Dungeon Overview and Level Annotations

Branches:
Dungeon (4/15)
 Temple: D:4-7

Altars:

Shops:
D:2 [?[?!


Innate Abilities, Weirdness & Mutations

Your plain brown scales are hard. (AC +5)
You cannot fit into any form of body armour.
You are cold-blooded and may be slowed by cold attacks.


Message History

The orc wizard gestures at you while chanting.
You are confused.
An orc comes into view. It is wielding a +0 dagger.
You're too confused to cast spells.
You're too confused to cast spells.
The orc wizard hits you with a +0 dagger.
The orc hits you from afar with a +0 trident.
You bump into the rock wall.
The orc wizard hits you with a +0 dagger.
The orc hits you from afar with a +0 trident.
You barely miss the orc wizard.
The orc wizard is severely wounded.
The orc wizard hits you but does no damage.
The orc wizard casts a spell.
The orc wizard flickers and vanishes!
Deactivating autopickup; reactivate with Ctrl-A.
The orc hits you from afar with a +0 trident.
The dart slug bites you but does no damage.
The orc wizard closely misses you. The orc completely misses you.
The orc wizard hits you but does no damage.
You're too confused to cast spells.
You're too confused to cast spells.
You feel less confused. The dart slug closely misses you.
The orc wizard barely misses you. The orc barely misses you.
Aiming: Freeze (safe; 2% risk of failure)
Press: ? - help, Q - select action Shift-Dir - straight line, f/p - orc wizard
Aim: an orc wizard, wielding a +0 dagger and wearing a +0 robe (severely wounded)
You freeze the orc wizard.
The orc wizard is almost dead.
The orc wizard hits you but does no damage.
The orc hits you with a +0 trident.
* * * LOW HITPOINT WARNING * * *
Aiming: Freeze (safe; 2% risk of failure)
Press: ? - help, Q - select action Shift-Dir - straight line, f/p - orc wizard
Aim: an orc wizard, wielding a +0 dagger and wearing a +0 robe (almost dead)
You freeze the orc wizard.
You kill the orc wizard!
The dart slug closely misses you. The orc hits you with a +0 trident.
You die...

#≈.#...###
≈≈≈≈.#...#
.....##..#
## ##..#
#..)# #..##
##### ##
#..#
...{.###.#
#..#
#oo@####..#
#.w)......#
#...####.##
##### #.#
#.# #.# ..#
###


You could see a dart slug and 2 orcs.

Vanquished Creatures
  An orc wizard (D:4)
  A worm (D:4)
  2 dart slugs
  An orc (D:2)
  4 endoplasms
  5 giant cockroaches
  A goblin (D:1)
  4 hobgoblins
  6 jackals
  6 kobolds
  A quokka (D:1)
  6 ball pythons
  6 bats
  7 rats
51 creatures vanquished.

Vanquished Creatures (others)
  9 demonic plants (D:3)
  3 fungi (D:3)
  4 plants
  5 withered plants (D:3)
21 creatures vanquished.

Grand Total: 72 creatures vanquished

Notes
Turn   | Place    | Note
-------+----------+-------------------------------------------
     0 | D:1      | 101zpm the Draconian Ice Elementalist began the quest for
                  | the Orb.
     0 | D:1      | Reached XP level 1. HP: 14/14 MP: 3/3
   188 | D:3      | Found a faded altar of an unknown god.
   195 | D:3      | Noticed an orc wizard
   198 | D:3      | Reached XP level 2. HP: 20/20 MP: 3/5
   879 | D:1      | Reached XP level 3. HP: 22/26 MP: 3/6
  1554 | D:2      | Found Zid Mav's Distillery.
  1716 | D:2      | Found Acuuh's Magic Scroll Shop.
  2041 | D:2      | Found Gioschuc's Magic Scroll Boutique.
  2064 | D:2      | Found Bothreucs's Antique Armour Boutique.
  2176 | D:2      | Found Saowoip's Armour Shop.
  2549 | D:4      | Slain by an orc

Illustrated notes

Levels and vault maps discovered:
D:1:      nzn_arrival_water_spiral, layout_basic
D:2:      layout_loops_ring, serial_shops, nicolae_shop_trees, shop_statue,
          nicolae_diamond_shop, nicolae_shop_crystal, nicolae_shop_trees,
          serial_forest, infiniplex_forest_clump_small,
          infiniplex_forest_straight_2, infiniplex_forest_straight_3,
          infiniplex_forest_straight_4, infiniplex_forest_side_room,
          minivault_24
D:3:      layout_rooms, shapermc_ecumenical_altar_gd, eino_tiny_chamber
D:4:      layout_loops_ring, minmay_temple_entry_gardened_gates,
          corexii_hall_statues_deadend, kennysheep_boxes, uniq_blork_the_orc,
          uniq_natasha

Skill      XL: |  1  2 |
---------------+-------+-----
Dodging        | 2 |  2.2
Stealth        | |  1.9
Unarmed Combat | |  0.2
Spellcasting   | |  2.7
Ice Magic      | |  4.8

Action                   || total
-------------------------++-------
Melee: Unarmed           ||    31
       Tailslap          ||     3
       Punch             ||     1
 Cast: Freeze            ||    76
 Stab: Sleeping          ||     1
Armor: Skin              ||    30
Dodge: Dodged            ||    56
